 Dungeon Crawl Stone Soup version 0.26.1-2-gb8aa6d0cf2 (webtiles) character file.

Game seed: 8497575665797703483

98 Ladykiller69 the Slasher (level 4, -5/35 HPs)
             Began as a Barachi Gladiator on Mar 18, 2021.
             Killed by divine providence
             ... invoked by an orc priest
              (11 damage)
             ... on level 3 of the Dungeon.
             The game lasted 00:03:29 (2779 turns).

Ladykiller69 the Slasher (Barachi Gladiator)        Turns: 2779, Time: 00:03:29

Health: -5/35      AC:  7    Str: 16    XL:     4   Next: 69%
Magic:  4/4        EV: 13    Int:  9    God:
Gold:   160        SH:  0    Dex: 13    Spells: 3/3 levels left

rFire    . . .     SeeInvis .   a - +0 long sword
rCold    . . .     Faith    .   (no shield)
rNeg     . . .     Spirit   .   b - +0 leather armour
rPois    .         Reflect  .   c - +0 helmet
rElec    .         Harm     .   r - +0 cloak
rCorr    .         Rampage  .   o - +1 pair of gloves
Will     .....                  (no boots)
Stlth    +.........             (no amulet)
HPRegen  0.11/turn              (no ring)
MPRegen  0.09/turn              (no ring)

@: slow
A: +LOS, swims, slowness 1, strong legs 1
a: Hop


You were on level 3 of the Dungeon.
You visited 1 branch of the dungeon, and saw 3 of its levels.

You collected 160 gold pieces.

Inventory:

Hand Weapons
 a - a +0 long sword (weapon)
Missiles
 d - 3 throwing nets (quivered)
 q - 4 javelins
Armour
 b - a +0 leather armour (worn)
 c - a +0 helmet (worn)
 o - a +1 pair of gloves (worn)
 r - a +0 cloak (worn)
Jewellery
 g - an uncursed ring of positive energy {unknown}
 n - an uncursed amulet of regeneration {unknown}
 s - an uncursed ring of fire {unknown}
Scrolls
 f - 4 scrolls of teleportation {unknown}
 h - 2 scrolls of blinking {unknown}
 i - 5 scrolls of identify {unknown}
 l - 4 scrolls of remove curse {unknown}
 u - a scroll of amnesia {unknown}
 v - a scroll of enchant armour {unknown}
Potions
 e - a potion of haste {unknown}
 j - a potion of mutation {unknown}
 k - a potion of heal wounds {unknown}
 m - a potion of might {unknown}
 p - 2 potions of attraction {unknown}
 t - a potion of flight {unknown}


   Skills:
 + Level 3.4 Fighting
 * Level 5.1 Long Blades
 - Level 2.0 Throwing
 - Level 0.1 Armour
 + Level 4.1 Dodging


You had 3 spell levels left.
You didn't know any spells.
Your spell library was empty.

Dungeon Overview and Level Annotations

Branches:
Dungeon (3/15)

Altars:
The Shining One


Innate Abilities, Weirdness & Mutations

You can be seen from farther away. (+LOS)
You can swim through water.
You cover ground slowly.
You can hop short distances.


Message History

A quokka comes into view.
The orc priest miscasts a cantrip.
The orc priest calls down the wrath of Beogh upon you.
Beogh smites you!
The orc priest looks encouraged for a moment.
The orc priest looks encouraged for a moment.
The orc priest casts a cantrip, but nothing happens.
You see here a bat corpse.
The orc priest invokes the aid of Beogh against you.
Beogh smites you!
* * * LOW HITPOINT WARNING * * *
There is an open door here.
The orc hits you.
* * * LOW HITPOINT WARNING * * *
You see here a rat corpse.
The orc barely misses you.
You riposte.
You closely miss the orc.
The orc priest looks satisfied for a moment.
The orc priest invokes the aid of Beogh against you.
Beogh smites you!
You die...

##.########>................
#...................#######
##########.......<..####...
#.................
#.#........†......
#.######...####... #.# #...#
#... #.# #...# #... #@#
#..<# #... #.# #.# #...#
#### #.# #.# ##### #.# #o#
#.# #.# #.# #o# ######.# #o#
#......# #o# #......# #.#


You could see 2 orc priests and 2 orcs.

Vanquished Creatures
  3 gnolls (D:2)
  A worm (D:2)
  5 dart slugs
  A leopard gecko (D:3)
  6 bats
  2 giant cockroaches (D:3)
  5 goblins
  7 hobgoblins
  2 jackals (D:1)
  A quokka (D:2)
  2 ball pythons (D:1)
  5 frilled lizards
  7 kobolds
  6 rats
53 creatures vanquished.

Notes
Turn   | Place    | Note
-------+----------+-------------------------------------------
     0 | D:1      | Ladykiller69 the Barachi Gladiator began the quest for the
                  | Orb.
     0 | D:1      | Reached XP level 1. HP: 17/17 MP: 1/1
   207 | D:1      | Reached XP level 2. HP: 17/23 MP: 2/2
   217 | D:1      | Reached skill level 4 in Long Blades
   584 | D:1      | Reached XP level 3. HP: 28/28 MP: 3/3
  1321 | D:2      | Reached XP level 4. HP: 17/35 MP: 4/4
  1746 | D:2      | Reached skill level 5 in Long Blades
  1807 | D:2      | Found a glowing golden altar of the Shining One.
  2740 | D:3      | Found a faded altar of an unknown god.
  2779 | D:3      | Killed from afar by an orc priest

Illustrated notes

Levels and vault maps discovered:
D:1:      minmay_arrival_cross, layout_basic
D:2:      layout_basic, nicolae_overflow_crystal_walls, minmay_misc_feat_doors,
          serial_bayou_pond_c
D:3:      layout_basic, chequers_ecumenical_altar_simple_redux

Skill      XL: |  1  2  3  4 |
---------------+-------------+-----
Long Blades    | 4 5 |  5.1
Fighting       | 3 |  3.4
Dodging        | 4 |  4.1
Throwing       | |  2.0
Armour         | |  0.1

Action                   |  1- 3 |  4- 6 || total
-------------------------+-------+-------++-------
Melee: Long sword        |    82 |    55 ||   137
 Stab: Distracted        |       |     1 ||     1
Armor: Leather armour    |    22 |    13 ||    35
Dodge: Dodged            |    62 |    39 ||   101
       Rpst.: Long sword |    20 |    15 ||    35
